 Dungeon Crawl Stone Soup version 0.26.1-11-gd32895ea62 (webtiles) character file.

Game seed: 17428016059098227168

152 Zeld the Chopper (level 5, -3/67 HPs)
             Began as a Minotaur Berserker on May 25, 2021.
             Was a Believer of Trog.
             Slain by Grinder (6 damage)
             ... on level 3 of the Dungeon.
             The game lasted 00:02:03 (4136 turns).

Zeld the Chopper (Minotaur Berserker)               Turns: 4136, Time: 00:02:04

Health: -3/67      AC:  1    Str: 22    XL:     5   Next: 11%
Magic:  4/4        EV: 12    Int:  4    God:    Trog [**....]
Gold:   168        SH:  0    Dex: 10    Spells: 4/4 levels left

rFire    . . .     SeeInvis .   a - +0 hand axe
rCold    . . .     Faith    .   (no shield)
rNeg     . . .     Spirit   .   (no armour)
rPois    .         Reflect  .   (helmet restricted)
rElec    .         Harm     .   (no cloak)
rCorr    .         Rampage  .   h - +0 pair of gloves
Will     .....                  (no boots)
Stlth    ..........             (no amulet)
HPRegen  0.21/turn              (no ring)
MPRegen  0.09/turn              (no ring)

@: berserking, very quick
A: retaliatory headbutt, horns 2
a: Renounce Religion, Berserk, Trog's Hand


You were on level 3 of the Dungeon.
You worshipped Trog.
Trog was pleased with you.
You visited 1 branch of the dungeon, and saw 3 of its levels.

You collected 168 gold pieces.

Inventory:

Hand Weapons
 a - a +0 hand axe (weapon)
Armour
 h - a +0 pair of gloves (worn)
Jewellery
 d - an uncursed ring of flight {unknown}
 n - an uncursed ring of wizardry {unknown}
Scrolls
 c - 3 scrolls of remove curse {unknown}
 f - 2 scrolls of identify {unknown}
 i - 2 scrolls of blinking {unknown}
 k - 2 scrolls of magic mapping {unknown}
 l - a scroll of fog {unknown}
 m - a scroll of teleportation {unknown}
Potions
 b - a potion of haste {unknown}
 e - 2 potions of heal wounds {unknown}
 g - a potion of invisibility {unknown}
 j - a potion of attraction {unknown}


   Skills:
 - Level 3.6 Fighting
 * Level 7.1 Axes
 - Level 2.4 Armour
 - Level 2.1 Dodging


You had 4 spell levels left.
You didn't know any spells.
Your spell library was empty.

Dungeon Overview and Level Annotations

Branches:
Dungeon (3/15)

Altars:
Cheibriados
Sif Muna
Uskayaw

Annotations:
D:3 Grinder


Innate Abilities, Weirdness & Mutations

You reflexively headbutt those who attack you in melee.
You have a pair of horns on your head.


Message History

You writhe in agony.
* * * LOW HITPOINT WARNING * * *
You slash Grinder!
Grinder is heavily wounded.
You hit Grinder. Your headbutt misses Grinder.
Grinder is heavily wounded.
Grinder gestures at you. Pain shoots through your body!
* * * LOW HITPOINT WARNING * * *
You slash Grinder! Your headbutt misses Grinder.
Grinder is severely wounded.
You barely miss Grinder.
Grinder is severely wounded.
Grinder drinks a potion.
Grinder is healed!
You slash Grinder! Your headbutt misses Grinder.
Grinder is severely wounded.
Grinder hits you.
* * * LOW HITPOINT WARNING * * *
You writhe in agony.
You die...

#. ...
#.#..##
##>....
.....
####...###
###........
........5#
#..@.#
#....##
#.....+
#.#..##
#.#..#
#.#..#
######.#..#
........)..#
#########..#


You could see Grinder.

Vanquished Creatures
  A scorpion (D:2)
  3 adders (D:2)
  An ufetubus (D:2)
  A worm (D:2)
  2 dart slugs (D:1)
  A leopard gecko (D:2)
  5 orcs (D:3)
  4 giant cockroaches
  4 goblins
  9 hobgoblins
  2 quokkas (D:2)
  2 ball pythons (D:1)
  7 bats
  6 frilled lizards
  5 kobolds
  8 rats
61 creatures vanquished.

Notes
Turn   | Place    | Note
-------+----------+-------------------------------------------
     0 | D:1      | Zeld the Minotaur Berserker began the quest for the Orb.
     0 | D:1      | Reached XP level 1. HP: 19/19 MP: 0/0
   161 | D:1      | Reached skill level 4 in Axes
   202 | D:1      | Reached XP level 2. HP: 22/26 MP: 1/1
  1054 | D:1      | Reached skill level 5 in Axes
  1424 | D:2      | Reached XP level 3. HP: 21/31 MP: 2/2
  1675 | D:2      | Noticed a scorpion
  1683 | D:2      | Killed a scorpion
  1684 | D:2      | Reached skill level 6 in Axes
  1684 | D:2      | Reached XP level 4. HP: 14/39 MP: 3/3
  1686 | D:2      | Reached ** piety under Trog
  2291 | D:2      | Found a hide-covered altar of Uskayaw.
  2466 | D:2      | Found a snail-covered altar of Cheibriados.
  2675 | D:2      | Found a shimmering blue altar of Sif Muna.
  3716 | D:3      | Reached XP level 5. HP: 45/45 MP: 4/4
  3789 | D:3      | Reached skill level 7 in Axes
  4125 | D:3      | Noticed Grinder
  4136 | D:3      | HP: 3/67 [Grinder (3)]
  4136 | D:3      | Slain by Grinder

Illustrated notes

Levels and vault maps discovered:
D:1:      minmay_arrival_radiant_lines, layout_basic
D:2:      minmay_evil_eye, layout_loops_corners, nicolae_overflow_hidden_temple,
          lemuel_crystal_altar, marbit_many_paths, minmay_hexomino_p4
D:3:      layout_basic, uniq_grinder

Skill      XL: |  1  2  3  4  5 |
---------------+----------------+-----
Axes           | 4 5 6 7 |  7.1
Fighting       | |  3.6
Armour         | |  2.4
Dodging        | |  2.1

Action                   |  1- 3 |  4- 6 || total
-------------------------+-------+-------++-------
Melee: Hand axe          |    70 |    85 ||   155
       Headbutt          |     8 |     7 ||    15
Invok: Berserk           |     2 |     3 ||     5
       Trog's Hand       |       |     1 ||     1
Armor: Skin              |     1 |     4 ||     5
Dodge: Dodged            |    45 |    55 ||   100
